 Dungeon Crawl Stone Soup version 0.24.0-123-gd5b16e6ec5 (webtiles) character file.

Game seed: 4185803114621513734, levelgen mode: deterministic

2792 Ponchio the Archer (level 9, -2/86 HPs)
             Began as a Centaur Hunter on Jan 20, 2020.
             Was a Follower of Qazlal.
             Slain by an orc warrior
             ... wielding a +0 glaive
              (3 damage)
             ... on level 7 of the Dungeon.
             The game lasted 00:30:02 (6759 turns).

Ponchio the Archer (Centaur Hunter)                 Turns: 6759, Time: 00:30:03

Health: -2/86      AC: 14    Str: 15    XL:     9   Next: 43%
Magic:  9/9        EV:  9    Int: 10    God:    Qazlal [*.....]
Gold:   504        SH:  1    Dex: 13    Spells: 8/8 levels left

rFire    + . .     SeeInvis .   v - +2 falchion (protect)
rCold    . . .     Gourm    .   (no shield)
rNeg     . . .     Faith    .   c - +0 leather armour
rPois    +         Spirit   .   (no helmet)
rElec    .         Reflect  .   (no cloak)
rCorr    .         Harm     .   i - +2 pair of gloves
MR       .....                  (no barding)
Stlth    +.........             d - amulet of regeneration
HPRegen  0.64/turn              k - ring of protection from fire
MPRegen  0.11/turn              b - ring of poison resistance

@: marked, protection aura, very quick
A: large, hooves 3, deformed body, speed 2, tough skin 3
a: Renounce Religion


You were on level 7 of the Dungeon.
You worshipped Qazlal.
Qazlal was aware of your devotion.
You were not hungry.

You visited 2 branches of the dungeon, and saw 8 of its levels.

You collected 504 gold pieces.

Inventory:

Hand Weapons
 a - a +3 shortbow
 v - a +2 falchion of protection (weapon)
Missiles
 o - 12 arrows
Armour
 c - a +0 leather armour (worn)
 i - a +2 pair of gloves (worn)
 l - a +2 buckler of resistance
Jewellery
 b - a ring of poison resistance (right hand)
 d - an amulet of regeneration (around neck)
 k - a ring of protection from fire (left hand)
 q - an uncursed ring of protection from cold
 r - an uncursed ring of protection from fire
Wands
 u - a wand of polymorph (10)
 w - a wand of iceblast (18)
 z - a wand of disintegration (14)
Scrolls
 e - 3 scrolls of identify
 g - 2 scrolls of amnesia
 m - a scroll of fog
Potions
 h - a potion of cancellation
 j - 5 potions of lignification
 t - a potion of brilliance
Comestibles
 f - 12 rations


   Skills:
 * Level 10.7 Fighting
 + Level 11.0 Bows
 - Level 1.4 Dodging
 - Level 0.4 Stealth


You had 8 spell levels left.
You didn't know any spells.
Your spell library contained the following spells:

 Spells                   Type           Power        Failure   Level  Hunger
 Confusing Touch          Hex            #.....       43%         1    ##.....
 Summon Small Mammal      Summ           #...         43%         1    ##.....
 Call Imp                 Summ           #.......     56%         2    ###....
 Call Canine Familiar     Summ           #.......     80%         3    ####...
 Confuse                  Hex            #.......     80%         3    ####...
 Gell's Gravitas          Tloc           #.........   80%         3    ####...
 Summon Guardian Golem    Hex/Summ       #.......     80%         3    ####...
 Petrify                  Tmut/Erth      #.......     99%         4    #####..
 Summon Ice Beast         Ice/Summ       #.......     99%         4    #####..
 Summon Lightning Spire   Summ/Air       #.......     99%         4    #####..
 Metabolic Englaciation   Hex/Ice        #.........   100%        5    ######.
 Yara's Violent Unravell  Hex/Tmut       #.........   100%        5    ######.


Dungeon Overview and Level Annotations

Branches:
Dungeon (7/15)             Temple (1/1) D:6

Altars:
Ashenzari
Cheibriados
Dithmenos
Elyvilon
Fedhas
Gozag
Kikubaaqudgha
Makhleb
Nemelex Xobeh
Okawaru
Qazlal
Ru
Sif Muna
Uskayaw
Vehumet
Wu Jian
Xom
Yredelemnul
The Shining One

Annotations:
D:4 2 transporters, FishyPogo's ghost, amateur DsCK
D:7 Harold


Innate Abilities, Weirdness & Mutations

You have hooves in place of feet.
Armour fits poorly on your strangely shaped body.
You cover ground very quickly.
You have extremely tough skin. (AC +3)


Message History

Okay, then.
Okay, then.
Evoke which item? (* to show all) (? for menu, Esc to quit)
Aiming: Disintegrate
Press: ? - help, Shift-Dir - straight line, f - bullfrog
Aim: a bullfrog (chance to defeat MR: 65%)
The bullfrog struggles to resist.
The orc warrior hits you from afar with a +0 glaive!
* * * LOW HITPOINT WARNING * * *
The bullfrog hits you but does no damage.
The orc barely misses you. The orc hits you but does no damage.
Unknown command.
Evoke which item? (* to show all) (? for menu, Esc to quit)
Aiming: Disintegrate
Press: ? - help, Shift-Dir - straight line, f/p - bullfrog
Aim: a bullfrog (chance to defeat MR: 65%)
The bullfrog is blasted.
The bullfrog hits you but does no damage.
The orc warrior hits you from afar with a +0 glaive.
You die...

######## #....F.#
##.###.# #.# #.#
########## #.#
#F# #.........
#Z#
#.###.......##
#a#
#...F>......'.
#F#
#####.......##
#@#######.......#
#ooooo.##.......#
######.##..$....#
#.......#
#########


You could see an orc warrior, a bullfrog, a worker ant, 2 orc wizards, 2 orcs
and a bullfrog zombie.

Vanquished Creatures
  Pikel (D:6)
  A hippogriff (D:7)
  3 slaves (D:6)
  An ice beast (D:4)
  3 sky beasts
  2 orc warriors
  An ogre (D:6)
  3 centaurs
  3 bullfrogs
  A wyvern skeleton (D:7)
  A scorpion (D:7)
  A water moccasin skeleton (D:6)
  2 crimson imps
  3 howler monkeys
  A quasit (D:7)
  5 hounds
  2 jellies
  2 bullfrog skeletons (D:7)
  2 orc priests
  A gnoll shaman (D:7)
  2 iguanas
  3 orc wizards (D:5)
  3 worker ants
  6 gnolls (D:7)
  4 adders
  A shadow imp (D:5)
  An adder skeleton (D:5)
  An adder zombie (D:6)
  A worm (D:2)
  A dart slug (D:1)
  5 leopard geckos
  12 orcs
  3 bats
  3 giant cockroaches
  7 goblins
  4 hobgoblins
  11 kobolds
  2 quokkas
  A ball python (D:2)
  7 frilled lizards
  A jackal skeleton (D:4)
  A quokka skeleton (D:6)
  4 rats
123 creatures vanquished.

Notes
Turn   | Place    | Note
-------+----------+-------------------------------------------
     0 | D:1      | Ponchio the Centaur Hunter began the quest for the Orb.
     0 | D:1      | Reached XP level 1. HP: 17/17 MP: 1/1
    93 | D:1      | Reached XP level 2. HP: 25/25 MP: 2/2
   324 | D:1      | Reached XP level 3. HP: 27/31 MP: 3/3
   798 | D:2      | Reached skill level 6 in Bows
  1745 | D:3      | Reached XP level 4. HP: 39/39 MP: 4/4
  2871 | D:4      | Found a transporter.
  3043 | D:4      | Found a blossoming altar of Fedhas.
  3053 | D:4      | Reached XP level 5. HP: 44/47 MP: 5/5
  3098 | D:4      | Noticed FishyPogo's ghost (amateur DsCK)
  3111 | D:4      | Found a transporter.
  3169 | D:4      | Found a glowing golden altar of the Shining One.
  3315 | D:4      | Noticed an ice beast
  3347 | D:4      | Killed an ice beast
  3347 | D:4      | Reached skill level 5 in Fighting
  3347 | D:4      | Reached skill level 7 in Bows
  3555 | D:5      | Entered Level 5 of the Dungeon
  3631 | D:5      | Noticed a centaur
  3664 | D:4      | Reached XP level 6. HP: 45/56 MP: 6/6
  3911 | D:5      | Noticed a sky beast
  3918 | D:5      | Killed a sky beast
  3918 | D:5      | Reached XP level 7. HP: 64/64 MP: 7/7
  3936 | D:5      | Reached skill level 8 in Bows
  4890 | D:6      | Reached XP level 8. HP: 44/74 MP: 8/8
  5009 | D:6      | Reached skill level 9 in Bows
  5271 | D:6      | Found a staircase to the Ecumenical Temple.
  5435 | D:6      | Noticed Pikel
  5572 | Temple   | Entered the Ecumenical Temple
  5607 | Temple   | Became a worshipper of Qazlal Stormbringer
  5850 | D:6      | Killed Pikel
  5850 | D:6      | Reached skill level 10 in Bows
  6032 | D:6      | Reached XP level 9. HP: 85/85 MP: 9/9
  6245 | D:7      | Reached skill level 10 in Fighting
  6651 | D:7      | Reached * piety under Qazlal
  6651 | D:7      | Reached skill level 11 in Bows
  6705 | D:7      | Noticed Harold
  6758 | D:7      | HP: 1/86 [orc warrior/+0 glaive (11)]
  6759 | D:7      | Slain by an orc warrior

Levels and vault maps discovered:
D:1:      minmay_arrival_solitary_statue, layout_basic
D:2:      layout_basic, serial_undead, serial_undead_f, serial_undead_a,
          serial_undead_c, serial_undead_b
D:3:      layout_basic, first_ration, grunt_decor_one_mirror,
          minmay_misc_feat_doors
D:4:      layout_basic, nicolae_tso_carved_into_rock,
          gammafunk_ghost_stat_death, fedhas_altar_3
D:5:      layout_basic
D:6:      layout_rooms, minmay_temple_entry_wispy, uniq_pikel
D:7:      layout_basic, uniq_harold
Temple:   nicolae_temple_the_god_donut

Skill      XL: |  1  2  3  4  5  6  7  8  9 |
---------------+----------------------------+-----
Fighting       | 3 4 5 6 7 9 10 | 10.7
Bows           | 6 7 8 10 11 | 11.0
Dodging        | |  1.4
Stealth        | |  0.4

Action                   |  1- 3 |  4- 6 |  7- 9 || total
-------------------------+-------+-------+-------++-------
Melee: Short sword       |       |    58 |    43 ||   101
       Kick              |       |    14 |    21 ||    35
       Falchion          |       |       |    19 ||    19
 Fire: Shortbow          |   124 |    76 |   322 ||   522
Evoke: Wand              |       |       |     3 ||     3
  Use: Scroll            |     6 |     7 |     8 ||    21
       Potion            |       |     2 |     5 ||     7
  Eat: Chunk             |       |     6 |     7 ||    13
Armor: Leather armour    |    13 |    48 |    98 ||   159
Dodge: Dodged            |     7 |    44 |   101 ||   152
       Rpst.: Falchion   |       |       |     5 ||     5
